 Dungeon Crawl Stone Soup version 0.31-a0-188-g5e087ee2ca (webtiles) character file.

Game seed: 12921651845751636784

175 qw the Skirmisher (level 5, -2/29 HPs)
             Began as a Deep Elf Hunter on June 22, 2023.
             Slain by a cerulean imp
             ... wielding a +1 spear
             ... summoned by Natasha
              (14 damage)
             ... on level 3 of the Dungeon.
             The game lasted 00:00:59 (1455 turns).

qw the Skirmisher (Deep Elf Hunter)                 Turns: 1455, Time: 00:00:59

Health: -2/29      AC:  5    Str: 10    XL:     5   Next: 29%
Magic:  7/7        EV:  2    Int: 14    God:
Gold:   63         SH:  0    Dex: 18    Spells: 4/4 levels left

rFire   . . .        Y - +0 shortbow
rCold   . . .        (shield currently unavailable)
rNeg    . . .        d - +0 ring mail
rPois   .            (no helmet)
rElec   .            (no cloak)
rCorr   .            (no gloves)
SInv    .            (no boots)
Will    .....        (no amulet)
Stlth   +            (no ring)
HPRegen 0.24/turn    (no ring)
MPRegen 0.10/turn

%: no passive effects
@: sleeping, slowed
A: no striking features
a: no special abilities


You were on level 3 of the Dungeon.
You visited 1 branch of the dungeon, and saw 3 of its levels.

You collected 153 gold pieces.
You spent 90 gold pieces at shops.


   Skills:
 - Level 1.5 Fighting
 + Level 8.8 Ranged Weapons
 - Level 2.4 Dodging
 - Level 1.2 Stealth


You had 4 spell levels left.
You didn't know any spells.
Your spell library was empty.

Inventory:

Hand Weapons
 Y - a +0 shortbow (weapon)
Armour
 d - a +0 ring mail (worn)
 l - a +2 ring mail of cold resistance
Scrolls
 h - a scroll of silence {unknown}
 k - a scroll of teleportation
 m - a scroll of identify
 o - a scroll of poison {unknown}
 p - a scroll of amnesia {unknown}
Potions
 a - 2 potions of curing
 b - a potion of magic {unknown}
 c - a potion of degeneration {unknown}
 e - a potion of haste {unknown}
 f - a potion of enlightenment {unknown}
 g - a potion of cancellation {unknown}
 i - 2 potions of resistance {unknown}
 j - 2 potions of might
 n - a potion of heal wounds {unknown}

Dungeon Overview and Level Annotations

Branches:
Dungeon (3/15)

Altars:
Zin

Annotations:
D:3 Natasha


Message History

You shoot an arrow.
The arrow closely misses the cerulean imp.
The arrow barely misses the hobgoblin.
The arrow hits Natasha!
Natasha is heavily wounded.
The cerulean imp barely misses you.
Natasha hisses.
You shoot an arrow. The arrow misses the cerulean imp.
Natasha zaps a wand.
You hear a grinding noise.
The cerulean imp hits you but does no damage.
The hobgoblin hits you. The cerulean imp closely misses you.
The cerulean imp hits you but does no damage.
You shoot an arrow.
The arrow hits the hobgoblin but does no damage.
The hobgoblin misses you.
The cerulean imp hits you but does no damage.
The cerulean imp closely misses you. The hobgoblin hits you.
You shoot an arrow. The arrow hits the hobgoblin!
You kill the hobgoblin!
The cerulean imp hits you from afar with a +1 spear.
The cerulean imp hits you from afar with a +2 spear.
The cerulean imp closely misses you. The cerulean imp misses you.
You hear a zap.
Some rock shatters into small pieces.
Enter note:
Enter note:
Enter note:
Enter note:
Enter note:
Enter note:
Enter note:
Enter note:
Enter note: You shoot an arrow.
The arrow hits the sleepcap but does no damage.
The sleepcap releases spores at you!
You are engulfed in a cloud of soporific spores!
You fall asleep.
The cerulean imp hits you from afar with a +1 spear!
You die...

##.........##
'..........
.........
....... #..%..
#h5o5 #..f# #@#
#..# ##.#.#
##...#..
#####.....#.###.
................
#######.########
#.# #.#


You could see a sleepcap, Natasha, 2 cerulean imps and an orc.

Vanquished Creatures
  4 gnolls
  3 adders (D:2)
  5 dart slugs
  4 orcs (D:3)
  5 ball pythons
  7 bats
  7 endoplasms
  4 giant cockroaches (D:1)
  8 goblins
  5 hobgoblins
  17 jackals
  2 quokkas
  5 frilled lizards
  3 kobolds
  9 rats
88 creatures vanquished.

Notes
Turn   | Place    | Note
-------+----------+-------------------------------------------
     0 | D:1      | qw the Deep Elf Hunter began the quest for the Orb.
     0 | D:1      | Reached XP level 1. HP: 12/12 MP: 3/3
     0 | D:1      | 0 ||| qw: Version: 0.3-a-9-g12657ce
     0 | D:1      | 0 ||| qw: Game counter: 2957
     0 | D:1      | 0 ||| qw: Always use a shield: true
     0 | D:1      | 0 ||| qw: God list: Okawaru
     0 | D:1      | 0 ||| qw: Allow faded altars: false
     0 | D:1      | 0 ||| qw: Do Orc after D:15 true
     0 | D:1      | 0 ||| qw: Do second Lair branch before Depths: true
     0 | D:1      | 0 ||| qw: Lair rune preference: random
     0 | D:1      | 0 ||| qw: Plans: Normal
     0 | D:1      | 0 ||| PLANNING D:1-11
    20 | D:1      | 20 ||| Stepping ~*~*~tactically~*~*~ (water).
    44 | D:1      | Reached skill level 6 in Ranged Weapons
    44 | D:1      | Reached XP level 2. HP: 14/16 MP: 4/4
   137 | D:1      | Reached XP level 3. HP: 20/20 MP: 5/5
   235 | D:1      | Reached skill level 7 in Ranged Weapons
   317 | D:1      | 317 ||| FLEEEEING.
   321 | D:1      | 321 ||| FLEEEEING.
   323 | D:1      | 323 ||| FLEEEEING.
   473 | D:1      | Reached XP level 4. HP: 15/25 MP: 6/6
   591 | D:1      | 591 ||| READING scroll labelled HUPLACILOACK.
   592 | D:1      | 592 ||| DROPPING scroll of butterflies.
   830 | D:2      | Reached skill level 8 in Ranged Weapons
  1009 | D:2      | 1009 ||| UPGRADING to +0 ring mail.
  1019 | D:2      | 1019 ||| DROPPING +0 leather armour.
  1020 | D:2      | 1020 ||| READING scroll labelled DAGI VISTRI.
  1021 | D:2      | 1021 ||| READING 2 scrolls labelled TOVEIH YLERUMO.
  1026 | D:2      | 1026 ||| DRINKING 3 metallic golden potions.
  1273 | D:3      | Reached XP level 5. HP: 29/29 MP: 7/7
  1284 | D:3      | Found a glowing silver altar of Zin.
  1285 | D:3      | Found Zin's Purification Station.
  1352 | D:3      | 1352 ||| BUYING potion of curing (90 gold).
  1352 | D:3      | Bought a potion of curing for 90 gold pieces
  1447 | D:3      | Noticed Natasha
  1455 | D:3      | Slain by a cerulean imp

Levels and vault maps discovered:
D:1:      dpeg_arrival_subterranean_lakeside_camping, layout_rooms
D:2:      layout_rooms
D:3:      layout_loops_corners, zin_purify, uniq_natasha

Skill      XL: |  1  2  3  4 |
---------------+-------------+-----
Ranged Weapons | 6 7 8 |  8.8
Fighting       | |  1.5
Dodging        | |  2.4
Stealth        | |  1.2

Action                     |  1- 3 |  4- 6 || total
---------------------------+-------+-------++-------
   Fire: Shortbow          |   133 |   137 ||   270
    Use: Scroll            |       |     3 ||     3
         Potion            |       |     1 ||     1
 Armour: Leather armour    |    21 |    20 ||    41
         Ring mail         |       |     5 ||     5
  Dodge: Dodged            |    55 |    61 ||   116

Table legend:
 A = Non-vault XP
 B = Vault XP
 C = Vault XP percentage of total XP
 D = Non-vault monster count
 E = Vault monster count
 F = Vault count percentage of total count
                 A         B        C        D         E       F
            +---------+---------+-------+---------+---------+-------
      Total |     241 |       9 |   3.6 |      82 |       6 |   6.8
            +---------+---------+-------+---------+---------+-------
        D:1 |      92 |       9 |   8.9 |      43 |       6 |  12.2
        D:2 |      72 |       0 |   0.0 |      21 |       0 |   0.0
        D:3 |      77 |       0 |   0.0 |      18 |       0 |   0.0
            +---------+---------+-------+---------+---------+-------
